 Dungeon Crawl Stone Soup version 0.26-b1-32-g5d43845318 (webtiles) character file.

Game seed: 8106843375899810596

12562 MisterFreud the Frost Mage (level 11, -6/81 HPs)
             Began as a Demonspawn Ice Elementalist on Jan 12, 2021.
             Was an Initiate of Gozag.
             Mangled by a blink frog (9 damage)
             ... on level 1 of the Lair of Beasts.
             The game lasted 00:31:28 (17900 turns).

MisterFreud the Frost Mage (DsIE)                  Turns: 17900, Time: 00:31:29

Health: -6/81      AC:  9    Str:  8    XL:     11   Next: 64%
Magic:  21/31      EV: 18    Int: 26    God:    Gozag
Gold:   1547       SH:  5    Dex: 14    Spells: 8/25 levels left

rFire    . . .     SeeInvis +   R - +4 scimitar (flame)
rCold    . . .     Faith    .   (no shield)
rNeg     + + .     Spirit   .   a - +0 robe
rPois    .         Reflect  +   (no helmet)
rElec    +         Harm     .   H - scarf {shadows}
rCorr    .         Rampage  .   (no gloves)
Will     .....                  (boots unavailable)
Stlth    ++........             J - amulet of Music {Reflect +Inv rElec rN++ SH+5 SInv}
HPRegen  0.23/turn              n - ring of magical power
MPRegen  0.22/turn              g - +6 ring of intelligence

@: icy armour, gold aura, frozen ramparts
A: talons 3, repulsion field 2, miasma immunity
a: Renounce Religion, Evoke Invisibility, Potion Petition, Call Merchant, Bribe
Branch


You were on level 1 of the Lair of Beasts.
You worshipped Gozag.
Gozag was most pleased with you.
You visited 3 branches of the dungeon, and saw 12 of its levels.
You also visited: Bailey.

You collected 1795 gold pieces.
You spent 150 gold pieces at shops.
You paid 98 gold pieces to Gozag.

Inventory:

Hand Weapons
 R - a +4 scimitar of flaming (weapon)
Missiles
 q - 2 throwing nets
 K - 20 javelins (quivered)
 Q - 2 boomerangs
Armour
 a - a +0 robe (worn)
 H - a scarf of shadows (worn)
Jewellery
 g - a +6 ring of intelligence (right hand)
 h - an uncursed ring of fire
 i - a +6 ring of strength
 n - a ring of magical power (left hand)
 w - an uncursed amulet of the acrobat
 A - a +6 ring of intelligence
 C - an uncursed ring of fire
 I - an uncursed ring of stealth
 J - the amulet of Music (around neck) {Reflect +Inv rElec rN++ SH+5 SInv}
   (You found it on level 10 of the Dungeon)

   [amulet of reflection]

   It shields you and reflects attacks.
   It insulates you from electricity.
   It greatly protects you from negative energy.
   It lets you see invisible.
   It lets you turn invisible.
   It affects your SH (+5).
Wands
 v - a wand of acid (1)
 G - a wand of flame (37)
 P - a wand of polymorph (15)
Scrolls
 b - 8 scrolls of remove curse
 c - 7 scrolls of identify
 e - a scroll of enchant armour {unknown}
 f - 2 scrolls of enchant weapon {unknown}
 j - 5 scrolls of amnesia {unknown}
 m - 2 scrolls of fear {unknown}
 o - a scroll of fog {unknown}
 r - 3 scrolls of teleportation {unknown}
 u - 2 scrolls of blinking {unknown}
 y - 3 scrolls of random uselessness {unknown}
 D - a scroll of holy word {unknown}
 E - 2 scrolls of magic mapping {unknown}
 O - a scroll of immolation {unknown}
Potions
 d - 2 potions of resistance {unknown}
 k - 6 potions of curing {unknown}
 l - 3 potions of might {unknown}
 p - 2 potions of brilliance {unknown}
 s - 2 potions of heal wounds {unknown}
 t - 2 potions of flight {unknown}
 x - 3 potions of degeneration {unknown}
 z - a potion of haste {unknown}
 B - a potion of berserk rage {unknown}
 F - a potion of ambrosia {unknown}
 L - a potion of experience {unknown}
 M - a potion of mutation {unknown}
 N - 2 potions of magic {unknown}


   Skills:
 - Level 6.0 Fighting
 - Level 5.2(5.3) Short Blades
 - Level 1.2(3.4) Long Blades
 - Level 6.0 Dodging
 - Level 1.7 Stealth
 + Level 7.8 Spellcasting
 - Level 4.0 Conjurations
 + Level 11.0 Ice Magic
 * Level 4.8 Evocations


You had 8 spell levels left.
You knew the following spells:

 Your Spells              Type           Power        Failure   Level
a - Freeze                Ice            100%         1%          1
b - Frozen Ramparts       Ice            66%          1%          3
c - Ozocubu's Armour      Ice            33%          1%          3
d - Hailstorm             Conj/Ice       24%          2%          4
e - Ozocubu's Refrigerat  Ice            16%          10%         6

Your spell library contained the following spells:

 Spells                   Type           Power        Failure   Level
 Shock                    Conj/Air       40%          2%          1
 Summon Ice Beast         Ice/Summ       19%          6%          4
 Static Discharge         Conj/Air       10%          8%          3
 Swiftness                Air            5%           9%          2
 Airstrike                Air            2%           50%         4
 Lightning Bolt           Conj/Air       5%           56%         5
 Simulacrum               Ice/Necr       9%           67%         6
 Freezing Cloud           Conj/Ice/Air   9%           75%         6
 Conjure Ball Lightning   Conj/Air       5%           98%         6
 Hydra Form               Tmut           2%           100%        6
 Invisibility             Hex            5%           100%        6


Dungeon Overview and Level Annotations

Branches:
Dungeon (10/15)            Temple (1/1) D:7            Lair (1/6) D:10
    Orc (0/2) D:10         Bailey (visited)

Altars:
Ashenzari
Cheibriados
Dithmenos
Elyvilon
Fedhas
Gozag
Hepliaklqana
Kikubaaqudgha
Makhleb
Okawaru
Qazlal
Sif Muna
Trog
Uskayaw
Vehumet
Wu Jian
Xom
Yredelemnul
Zin
The Shining One
Beogh

Shops:
D:5 ((*

Annotations:
D:6 2 transporters, p0werm0de's ghost, novice MiFi
D:9 1 runed translucent door, kuzco6543's ghost, novice TrMo
Lair:1 exclusion: oklob plant


Innate Abilities, Weirdness & Mutations

You have claws for feet.
You are surrounded by a moderate repulsion field. (EV +3)
You are immune to miasma.


Message History

Casting: Frozen Ramparts (safe; 1% risk of failure)
Confirm with . or Enter, or press ? or * to list all spells.
Casting: Hailstorm (dangerous; 2% risk of failure)
Press: ? - help, Dir - look around, f - activate You feel a numb sensation.
A cannonade of hail descends around you!
The hail pelts the blink frog!
The blink frog is moderately wounded.
The wall freezes the blink frog.
The blink frog seems to slow down.
You miss the blink frog. Your kick misses the blink frog.
The blink frog is heavily wounded.
The wall freezes the blink frog.
The blink frog misses you.
You closely miss the blink frog.
The blink frog is heavily wounded.
The wall freezes the blink frog.
The blink frog hits you!
* * * LOW HITPOINT WARNING * * *
The wall freezes the blink frog.
The blink frog seems to slow down.
The blink frog hits you!
You die...
Your body crumbles into a pile of gold.

.#..#####...#.)..#.....##
...## #........##.....##
..## #.....#####......##
...# #.....# ##......####
..## #......# #.........#
..# #.......# #.......#
... ......##.# ##......##
##.
....###...####.......# #
#..$@F.......#
##.....?......#
##..####....... #.##
#.......# ## ##.##.... .#
### #


You could see a blink frog (slow).

Vanquished Creatures
  Erica (D:8)
  An unseen horror (D:10)
  An orc knight (D:10)
  An oklob plant (D:10)
  A black mamba (Lair:1)
  A cane toad (Lair:1)
  3 komodo dragons (Lair:1)
  Prince Ribbit (D:8)
  2 blink frogs (Lair:1)
  2 wyverns
  13 yaks
  A basilisk (Lair:1)
  3 ice beasts
  20 orc warriors
  5 sky beasts
  A phantom (D:8)
  A black bear (D:10)
  A necrophage (D:9)
  2 ogres
  10 centaurs
  2 big kobolds
  7 bullfrogs
  A wyvern skeleton (D:7)
  3 scorpions
  5 wights (D:10)
  3 howler monkeys
  A crimson imp (D:3)
  A centaur zombie (D:10)
  A bullfrog zombie (D:6)
  A bullfrog skeleton (D:10)
  3 hounds
  3 centaur skeletons
  5 orc priests
  2 iguanas
  3 orc wizards
  8 worker ants
  A hound zombie (D:9)
  A worker ant zombie (D:8)
  18 adders
  2 white imps
  An ufetubus (D:9)
  An ooze (D:6)
  3 adder skeletons
  3 worms (D:4)
  3 dart slugs (D:2)
  4 leopard geckos
  59 orcs
  A ball python (D:4)
  5 giant cockroaches
  12 goblins
  4 hobgoblins
  13 jackals
  15 kobolds
  3 quokkas
  8 bats
  3 frilled lizards
  A jackal skeleton (D:6)
  8 rats
289 creatures vanquished.

Vanquished Creatures (others)
  2 fungi (Lair:1)
  20 plants
  2 withered plants (D:9)
24 creatures vanquished.

Grand Total: 313 creatures vanquished

Notes
Turn   | Place    | Note
-------+----------+-------------------------------------------
     0 | D:1      | MisterFreud the Demonspawn Ice Elementalist began the quest
                  | for the Orb.
     0 | D:1      | Reached XP level 1. HP: 13/13 MP: 3/3
   465 | D:1      | Reached skill level 4 in Ice Magic
   478 | D:1      | Gained mutation: You have sharp toenails. [demonic
                  | ancestry]
   478 | D:1      | Reached XP level 2. HP: 14/19 MP: 0/5
  1206 | D:2      | Gained mutation: You are immune to miasma. [demonic
                  | ancestry]
  1206 | D:2      | Reached XP level 3. HP: 23/24 MP: 4/6
  1455 | D:2      | You fall into a shaft and drop 2 floors!
  1474 | D:4      | Found a bloodstained altar of Trog.
  1474 | D:4      | Found an ancient bone altar of Kikubaaqudgha.
  1612 | D:3      | Learned a level 3 spell: Frozen Ramparts
  2224 | D:2      | Reached skill level 5 in Ice Magic
  2291 | D:2      | Gained mutation: You have razor-sharp toenails. [demonic
                  | ancestry]
  2291 | D:2      | Reached XP level 4. HP: 29/30 MP: 7/7
  2863 | D:2      | Found a white marble altar of Elyvilon.
  3629 | D:3      | Found a burning altar of Makhleb.
  3639 | D:3      | Gained mutation: You are surrounded by a mild repulsion
                  | field. (EV +2) [demonic ancestry]
  3639 | D:3      | Reached XP level 5. HP: 33/35 MP: 9/9
  3781 | D:3      | Found a shimmering blue altar of Sif Muna.
  3863 | D:3      | Found a hide-covered altar of Uskayaw.
  4257 | D:4      | Reached XP level 6. HP: 23/41 MP: 11/11
  4624 | D:4      | Reached skill level 6 in Ice Magic
  5112 | D:5      | Entered Level 5 of the Dungeon
  5112 | D:5      | Found Udafann's Assorted Antiques.
  5239 | D:5      | Bought a dented steel amulet for 150 gold pieces
  5361 | D:5      | Found Zaphucri's Weapon Emporium.
  5455 | D:5      | Found Soerix's Antique Weapon Emporium.
  5524 | D:5      | Learned a level 3 spell: Ozocubu's Armour
  6008 | D:6      | Noticed a sky beast
  6021 | D:6      | Killed a sky beast
  6022 | D:6      | Reached skill level 7 in Ice Magic
  6022 | D:6      | Reached XP level 7. HP: 21/46 MP: 9/13
  6287 | D:6      | Reached skill level 8 in Ice Magic
  6298 | D:6      | Reached skill level 1 in Fighting
  6303 | D:6      | Learned a level 4 spell: Hailstorm
  6491 | D:6      | Found an ornate altar of the Wu Jian Council.
  6605 | D:6      | Noticed a two-headed ogre
  6608 | D:6      | Found a transporter.
  6608 | D:6      | Noticed p0werm0de's ghost (novice MiFi)
  6617 | D:6      | Noticed a wyvern
  6666 | D:6      | Reached skill level 1 in Conjurations
  6811 | D:6      | Found a transporter.
  6829 | D:6      | Found an iron altar of Okawaru.
  7076 | D:7      | Gained mutation: You have claws for feet. [demonic
                  | ancestry]
  7076 | D:7      | Reached XP level 8. HP: 47/57 MP: 14/14
  7135 | D:7      | Found a staircase to the Ecumenical Temple.
  7157 | Temple   | Entered the Ecumenical Temple
  7423 | D:7      | Found a broken altar of Ashenzari.
  7667 | D:7      | Found a snail-covered altar of Cheibriados.
  7803 | D:7      | Found a basalt altar of Yredelemnul.
  8213 | Temple   | Became a worshipper of Gozag Ym Sagoz the Greedy
  8315 | D:8      | Reached skill level 5 in Spellcasting
  8495 | D:8      | Found a stormy altar of Qazlal.
  8502 | D:8      | Noticed Erica
  8506 | D:8      | Killed Erica
  8507 | D:8      | Reached skill level 9 in Ice Magic
  8507 | D:8      | Reached XP level 9. HP: 65/65 MP: 14/18
  8684 | D:8      | Noticed Prince Ribbit
  8697 | D:8      | Killed Prince Ribbit
  8954 | D:8      | Found a shimmering altar of Xom.
  9483 | D:9      | Reached skill level 10 in Ice Magic
  9842 | D:9      | Found a runed translucent door.
  9842 | D:9      | Noticed kuzco6543's ghost (novice TrMo)
 10248 | D:9      | Reached skill level 5 in Dodging
 10285 | D:9      | Reached XP level 10. HP: 56/71 MP: 13/19
 10524 | D:9      | Reached skill level 5 in Fighting
 10807 | D:9      | Found a shimmering altar of Xom.
 10807 | D:9      | Found a shimmering altar of Xom.
 10808 | D:9      | Found a shimmering altar of Xom.
 10808 | D:9      | Found a shimmering altar of Xom.
 11187 | D:10     | Entered Level 10 of the Dungeon
 11295 | D:10     | Reached skill level 1 in Short Blades
 11473 | D:10     | Got a heavily runed tin amulet
 11580 | D:10     | Found a flagged portal.
 11603 | Bailey   | Entered a bailey
 11642 | Bailey   | Identified the amulet of Music {Reflect +Inv rElec rN++
                  | SH+5 SInv} (You found it on level 10 of the Dungeon)
 13461 | Bailey   | Reached skill level 5 in Short Blades
 13761 | Bailey   | Identified Zuath's Witchcraft, Part Six
 13770 | Bailey   | Learned a level 6 spell: Ozocubu's Refrigeration
 14364 | D:10     | Found a staircase to the Lair.
 14366 | D:10     | Noticed an oklob plant
 14400 | D:10     | Noticed an orc knight
 14426 | D:10     | Killed an orc knight
 14427 | D:10     | Gained mutation: You are surrounded by a moderate repulsion
                  | field. (EV +3) [demonic ancestry]
 14427 | D:10     | Reached XP level 11. HP: 23/81 MP: 19/21
 14856 | D:10     | Noticed an unseen horror
 14864 | D:10     | Killed an unseen horror
 15063 | D:9      | Got a bloodstained hand axe
 15064 | D:9      | Identified the cursed +0 hand axe "Vocoegg Tior" {speed,
                  | rF+ SInv} (You found it on level 9 of the Dungeon)
 15275 | D:10     | Found a roughly hewn altar of Beogh.
 15276 | D:10     | Found a staircase to the Orcish Mines.
 15287 | D:10     | Reached skill level 1 in Evocations
 16332 | D:10     | Killed an oklob plant
 16333 | D:10     | Reached skill level 1 in Long Blades
 16627 | Lair:1   | Entered Level 1 of the Lair of Beasts
 17399 | Lair:1   | Noticed an oklob plant
 17842 | Lair:1   | Reached skill level 11 in Ice Magic
 17900 | Lair:1   | HP: 3/81 [blink frog (9)]
 17900 | Lair:1   | Mangled by a blink frog

Illustrated notes

Levels and vault maps discovered:
D:1:      lightli_arrival_lavapool, layout_loops_ring, hex_tiny, minmay_tall_x
D:2:      layout_loops_ring, elyvilon_altar_3, grunt_ministairs_5
D:3:      layout_loops_ring, nicolae_overflow_hidden_temple, lemuel_round_altar,
          makhleb_grotto_becter, corexii_shack
D:4:      layout_basic, grunt_temple_overflow_open, cheibrodos_sewer_entry_bend
D:5:      layout_basic, serial_shops,
          nicolae_shop_temple_entry_statues_fountains,
          nicolae_shop_window_shopping, shop
D:6:      layout_rooms, pdpol_wu_jian_five_deadly_venoms, gammafunk_ghost_arena,
          amethyst_killhole, okawaru_trees_2
D:7:      layout_rooms, evilmike_ruin_ashenzari, minmay_temple_entry_grid,
          hangedman_feature_mirror, nrook_mini_backslash, due_unseen_surprise
D:8:      layout_basic, kennysheep_mini_moat, basic_altar, uniq_erica,
          uniq_prince_ribbit1
D:9:      minmay_curly_fans, layout_layer_cave, xom_shifter_show,
          gammafunk_ghost_grave
D:10:     layout_stronghold, dpeg_oklobed_lair, david_orc_5, enter_bailey_5,
          minmay_fractal_squares_gapless_5
Temple:   hc_temple_tempest_star
Lair:1:   layout_layer_cave, serial_bayou_shore_b, grunt_megastairs_5,
          minmay_lair_oklob_chamber

Skill      XL: |  1  2  3  4  5  6  7  8  9 10 11 |
---------------+----------------------------------+-----
Ice Magic      | 4 5 7 8 9 10 11 | 11.0
Spellcasting   | 3 4 6 7 |  7.8
Fighting       | 2 4 6 |  6.0
Conjurations   | 2 4 |  4.0
Dodging        | 5 6 |  6.0
Short Blades   | 5 |  5.2
Evocations     | 4 |  4.8
Long Blades    | 1 |  1.2
Stealth        | |  1.7

Action                   |  1- 3 |  4- 6 |  7- 9 | 10-12 || total
-------------------------+-------+-------+-------+-------++-------
Melee: Unarmed           |    12 |       |       |       ||    12
       Club              |     4 |       |       |       ||     4
       Short sword       |    64 |   169 |   221 |   236 ||   690
       Kick              |     9 |    21 |    56 |    95 ||   181
       Scimitar          |       |       |       |    89 ||    89
Throw: Javelin           |       |       |       |     5 ||     5
 Cast: Freeze            |    25 |     3 |       |     2 ||    30
       Frozen Ramparts   |     3 |    13 |    35 |    35 ||    86
       Ozocubu's Armour  |       |     2 |    22 |    21 ||    45
       Hailstorm         |       |       |     6 |    46 ||    52
Evoke: Wand              |       |       |       |     8 ||     8
  Use: Scroll            |       |       |       |     3 ||     3
 Stab: Sleeping          |     6 |     6 |     3 |       ||    15
       Distracted        |       |       |       |     1 ||     1
Armor: Robe              |    27 |    39 |    43 |    21 ||   130
Dodge: Dodged            |    91 |   152 |   182 |   289 ||   714
Block: Other             |       |       |       |    64 ||    64
       Reflection        |       |       |       |     1 ||     1
       Rpst.: Scimitar   |       |       |       |    20 ||    20
